Map: Pillars of Gold LE

Players

Manilus

  • Race: Zerg Zerg
  • League: Platinum
  • Spawn Location: 1:00

Massa - Winner!

  • Race: Terran Terran
  • League: Platinum
  • Spawn Location: 7:00

VOD

Have the link to the VOD?

Description

Time

  • Played on: Feb. 26, 2021, 12:31 p.m.
  • Length: 16:27
Show
View Real Time Build Order
Export as new Build Order

Manilus Zerg 

Build Orders: Hatch First 

Get SALT Encoding   

  12  0:00  Drone  
  13  0:13  Overlord  
  13  0:22  Drone  
  14  0:32  Drone x2  
  16  0:35  Drone  
  17  0:54  Hatchery  
  16  1:01  Drone x2  
  18  1:07  Extractor  
  17  1:19  Spawning Pool  
  17  1:22  Drone  
  17  1:23  Drone  
  18  1:30  Drone  
  19  2:01  Drone x2  
  19  2:07  Queen  
  23  2:12  Hatchery  
  22  2:22  Drone x2  
  24  2:23  Drone x2  
  24  2:27  Metabolic Boost  
  26  2:31  Zergling x4  
  28  2:39  Overlord  
  28  2:57  Drone  
  28  2:58  Drone x2  
  31  3:07  Drone  
  31  3:08  Drone x2  
  34  3:14  Queen  
  36  3:24  Drone x2  
  36  3:25  Drone x2  
  40  3:27  Lair  
  40  3:32  Queen  
  42  4:00  Overlord x2  
  42  4:01  Overlord  
  42  4:08  Spine Crawler  
  41  4:15  Drone  
  42  4:18  Queen x2  
  42  4:19  Extractor  
  42  4:21  Extractor  
  42  4:22  Drone x2  
  42  4:23  Drone x2, Extractor  
  47  4:24  Drone x3  
  47  4:26  Drone  
  49  4:39  Zergling x2  
  49  4:40  Zergling x12  
  49  4:41  Zergling x4  
  55  4:57  Drone x4  
  55  4:58  Drone  
  60  5:09  Evolution Chamber, Overlord x3  
  60  5:10  Roach Warren  
  60  5:11  Evolution Chamber  
  57  5:27  Drone x2, Queen  
  57  5:28  Drone x5  
  64  5:46  Spore Crawler  
  64  5:49  Overseer  
  63  5:50  Spore Crawler  
  53  6:02  Drone x7  
  53  6:03  Drone x5  
  52  6:08  Spore Crawler  
  52  6:11  Queen  
  53  6:32  Zerg Missile Weapons Level 1  
  53  6:33  Drone, Zerg Ground Armor Level 1  
  53  6:34  Drone x4  
  53  6:35  Drone  
  57  7:01  Overseer  
  55  7:11  Spore Crawler  
  54  7:16  Pneumatized Carapace  
  54  7:19  Drone  
  54  7:20  Drone x12  
  54  7:21  Drone x3  
  70  7:25  Extractor  
  70  7:27  Extractor  
  68  7:43  Drone x2  
  70  7:44  Drone x2  
  70  7:47  Glial Reconstitution  
  72  8:09  Roach x4  
  72  8:10  Roach  
  72  8:11  Overlord x4  
  72  8:12  Overlord x2  
  82  8:22  Overseer  
  82  8:25  Overlord  
  82  8:26  Overlord x2  
  82  8:39  Drone x4  
  82  8:40  Drone x7  
  93  8:49  Baneling Nest  
  93  8:54  Infestation Pit  
  91  9:03  Roach x2  
  91  9:04  Roach x5  
  91  9:08  Zerg Missile Weapons Level 2  
  105  9:26  Hatchery  
  105  9:27  Zerg Ground Armor Level 2  
  104  9:31  Hive  
  104  9:45  Roach x6  
  111  9:46  Roach x3  
  111  9:52  Roach x2  
  120  9:53  Roach x2  
  122  10:01  Centrifical Hooks  
  122  10:38  Drone  
  122  10:39  Drone x6  
  122  10:40  Drone x8  
  122  10:41  Overlord x3  
  122  10:42  Overlord x3  
  137  10:55  Ultralisk Cavern  
  137  10:56  Spire  
  135  10:59  Drone x2  
  137  11:06  Roach x6  
  149  11:17  Extractor  
  148  11:19  Drone x3, Extractor  
  148  11:20  Drone x3  
  148  11:24  Extractor  
  148  11:25  Hatchery  
  151  11:33  Roach x6  
  151  11:34  Roach x7  
  177  11:44  Roach x4  
  177  11:45  Roach x3  
  191  11:52  Chitinous Plating  
  191  11:55  Drone x3  
  191  11:58  Zerg Missile Weapons Level 3  
  171  12:10  Roach x2  
  171  12:11  Roach x8  
  171  12:14  Ravager x4  
  171  12:15  Ravager  
  183  12:16  Ravager  
  132  12:30  Zergling x2, Roach  
  132  12:31  Zergling x14  
  132  12:36  Zergling x4  
  118  12:44  Zergling x10  
  107  12:49  Queen  
  112  12:58  Overseer  
  112  13:02  Queen x2  
  115  13:18  Overseer  
  115  13:25  Extractor  
  114  13:32  Anabolic Synthesis  
  114  13:35  Greater Spire  
  114  13:49  Extractor, Hatchery  
  114  13:55  Mutalisk x7  
  112  13:56  Mutalisk x6  
  112  13:58  Mutalisk  
  107  14:29  Zergling x16  
  107  14:30  Zergling x22  
  107  14:31  Zergling x2  
  111  14:37  Zergling x2  
  80  14:53  Baneling x4  
  79  15:04  Mutalisk x6  
  44  15:40  Ultralisk  
  50  16:05  Roach x4  
  50  16:06  Roach x2  
Show
View Real Time Build Order
Export as new Build Order

Massa Terran - Winner!

Build Orders: Hellion Banshee 

Get SALT Encoding   

  12  0:00  SCV  
  13  0:12  SCV  
  14  0:21  Supply Depot  
  14  0:25  SCV  
  15  0:43  SCV  
  15  0:44  Barracks  
  15  0:48  Refinery  
  16  0:55  SCV  
  17  1:13  SCV  
  19  1:31  Orbital Command  
  18  1:41  Command Center  
  18  1:59  Supply Depot  
  18  2:04  Factory  
  18  2:08  Marine  
  18  2:12  SCV  
  20  2:24  SCV  
  21  2:47  Factory Reactor  
  21  2:57  Orbital Command  
  21  2:58  Starport  
  21  3:00  Supply Depot  
  21  3:06  SCV  
  22  3:12  Refinery  
  22  3:18  SCV  
  23  3:26  Hellion x2  
  27  3:30  Barracks Tech Lab, SCV  
  28  3:37  SCV  
  29  3:42  Starport Tech Lab, SCV  
  29  3:48  Hellion x2  
  34  3:50  SCV  
  34  3:54  SCV  
  36  3:55  Supply Depot  
  36  4:04  Banshee  
  36  4:05  Cloaking Field  
  39  4:13  Hellion x2  
  43  4:21  SCV x2  
  45  4:33  SCV x2  
  45  4:58  SCV x2  
  47  5:07  Barracks  
  47  5:08  Barracks  
  47  5:10  Barracks  
  47  5:11  SCV x2  
  47  5:12  Banshee  
  52  5:15  Hellion x2  
  52  5:21  Refinery  
  56  5:23  SCV x2  
  56  5:26  Engineering Bay  
  58  5:35  SCV x2  
  46  6:09  Medivac  
  49  6:11  Widow Mine x2  
  49  6:12  Stimpack  
  49  6:14  Barracks Reactor, Barracks Tech Lab  
  49  6:15  Barracks Reactor  
  49  6:20  SCV x2  
  49  6:21  Missile Turret  
  51  6:29  Missile Turret  
  51  6:32  SCV  
  52  6:39  Medivac  
  54  7:25  Command Center, Terran Infantry Weapons Level 1  
  54  7:27  Command Center  
  54  7:28  Engineering Bay  
  54  7:31  Marauder x2, Marine x3  
  54  7:32  Armory, Marine, Combat Shield  
  62  7:38  Refinery  
  62  7:51  Supply Depot x3  
  62  7:52  Concussive Shells  
  62  7:53  Supply Depot x2  
  62  8:01  Terran Infantry Armor Level 1  
  62  8:02  Command Center  
  62  8:12  SCV x2, Hellion x2, Marine x4, Medivac  
  78  8:13  Marauder x2  
  78  8:15  Factory  
  78  8:16  Supply Depot  
  78  8:25  SCV x2  
  80  8:30  Marine x3  
  91  8:34  Hellion x2, Marauder x2  
  91  8:37  SCV x2, Barracks  
  91  8:40  SCV, Barracks  
  94  8:49  SCV x2  
  94  8:52  SCV  
  94  8:53  Medivac  
  107  8:55  Hellion x2, Marauder x2  
  107  9:01  SCV, Planetary Fortress  
  108  9:06  Factory Tech Lab  
  108  9:20  Orbital Command  
  108  9:23  SCV x2  
  110  9:27  Refinery  
  110  9:31  Refinery  
  110  9:32  Sensor Tower  
  110  9:34  Missile Turret  
  110  9:35  SCV x2  
  110  9:47  SCV  
  110  9:48  SCV  
  108  9:55  Marauder x2, Marine x4  
  108  9:58  Barracks Tech Lab  
  108  9:59  Barracks Reactor  
  117  10:00  SCV x2  
  116  10:08  SCV x2  
  116  10:11  Planetary Fortress  
  116  10:12  SCV x2  
  116  10:13  Marine  
  116  10:14  Siege Tank  
  124  10:15  Widow Mine x2  
  124  10:16  Marauder x2  
  124  10:17  Marauder, Marine x2  
  136  10:21  Medivac  
  138  10:33  Sensor Tower  
  138  10:36  Widow Mine  
  138  10:37  Marauder  
  138  10:38  Marauder x2  
  138  10:42  Missile Turret  
  146  10:44  Marine  
  146  10:45  Marine x5, Missile Turret  
  146  10:46  Siege Tank  
  155  11:14  Supply Depot  
  155  11:16  Supply Depot x2  
  155  11:17  Supply Depot  
  155  11:18  Supply Depot  
  155  11:26  Marine x2  
  155  11:27  Widow Mine x2, SCV x2  
  163  11:36  SCV x2, Marauder, Marine x4  
  163  11:37  SCV, Supply Depot, Marine, Siege Tank  
  163  11:38  Marauder, Supply Depot  
  178  11:42  Supply Depot  
  178  11:44  Marine x2  
  180  11:48  Widow Mine x2, SCV, Medivac  
  180  11:53  Marine x3  
  190  11:56  Marauder  
  190  11:58  Marauder  
  192  12:10  Widow Mine, Siege Tank  
  197  12:18  Medivac  
  150  12:39  Marauder x3, Marine  
  150  12:40  Marine x5  
  150  12:42  Widow Mine x2, Siege Tank  
  155  12:57  Marine x6  
  161  13:00  Marauder x2, Marine  
  161  13:03  Widow Mine x2, SCV x5  
  172  13:14  Siege Tank  
  172  13:15  SCV x2, Marine x5  
  182  13:23  Command Center  
  182  13:24  Widow Mine  
  182  13:25  Refinery, Terran Infantry Armor Level 2, Terran Infantry Weapons Level 2, Sensor Tower  
  184  13:28  Refinery, Terran Vehicle And Ship Armor Level 1  
  184  13:46  Siege Tank  
  187  13:54  Command Center  
  187  14:01  Medivac  
  167  14:31  Medivac  
  165  14:38  Marauder, Marine  
  165  14:39  Marauder x2, Marine x3  
  173  14:53  Siege Tank  
  173  14:54  Widow Mine x2  
  182  15:00  Marauder  
  182  15:01  Medivac  
  184  15:15  Widow Mine x2  
  188  15:25  Marauder x3, Marine, Siege Tank  
  188  15:26  Marine x2  
  200  15:38  Supply Depot  
  200  15:39  Supply Depot  
  200  15:40  Supply Depot  
  200  15:41  Planetary Fortress  
  200  15:42  Planetary Fortress, Missile Turret  
  192  15:44  Missile Turret  
  192  15:46  Marauder x2  
  192  15:47  Missile Turret  
  196  16:03  Supply Depot  
  196  16:06  Missile Turret  
  196  16:09  Missile Turret  
Tags
 
Add a new tag
Caveats
  • Supply blocks, unpowered buildings, or Contaminate may cause inaccurate times.
  • Supply counts are checked every 10 seconds.